AoeStats
← Kukaracho

Lombardia

507604226Analyzed
4v4 RM · 14d ago on Sep 19, 2026· 75m 34s· 8 players
Game mode
Random Map
Map size
Large (8 player)
Population
200
Speed
Normal
Resources
Standard
Victory
Conquest
Starting age
Dark Age
Ending age
Imperial Age
RankedLock teamsTeams togetherTeam positionsShared explorationLock speedFull tech treeHidden civsTurbo modeCheats
Victory
Defeat
🇺🇸 Byzantines · United States
1283
+15
🇺🇸 Turks · United States
1263
+15
🇦🇺 Georgians · Australia
1259
+16
🇺🇸 Bulgarians · United States
1251
+15
🇦🇷 Koreans · Argentina
1277
-16
🇯🇴 Magyars · Jordan
1262
-16
🇦🇷 Vietnamese · Argentina
1242
-15
1228
-14
Kukaracho
7:17 Loom
11:14 Feudal Age
15:21 Castle Age
13:53 Double-Bit Axe
23:03 Horse Collar
26:29 Wheelbarrow
28:58 Hand Cart
28:57 Bow Saw
28:40 Stone Mining
28:44 Gold Mining
30:05 Stone Shaft Mining
32:50 Imperial Age
31:04 Heavy Plow
30:53 Town Watch
31:19 Fletching
31:29 Padded Archer Armor
31:51 Ballistics
31:59 Bodkin Arrow
32:08 Crossbowman
32:55 Thumb Ring
32:51 Elite Rattan Archer
33:54 Paper Money
33:39 Bracer
34:41 Chemistry
35:30 Two-Man Saw
35:45 Leather Archer Armor
35:17 Treadmill Crane
36:06 Bombard Tower
38:47 Siege Engineers
38:38 Murder Holes
53:18 Ring Archer Armor
52:54 Scale Barding Armor
52:59 Forging
54:58 Chain Barding Armor
54:58 Bloodlines
54:50 Husbandry
55:45 Iron Casting
54:33 Light Cavalry
55:43 Town Patrol
55:12 Elite Battle Elephant
57:29 Plate Barding Armor
57:30 Chatras
Sir_FatLion
3:00 Loom
5:21 Loom
11:00 Feudal Age
13:51 Double-Bit Axe
13:49 Horse Collar
20:03 Wheelbarrow
23:18 Castle Age
23:18 Bloodlines
23:16 Scale Barding Armor
25:21 Chain Barding Armor
26:57 Gold Mining
26:58 Stone Mining
27:28 Husbandry
27:51 Bow Saw
27:47 Heavy Plow
34:10 Hand Cart
35:32 Gold Shaft Mining
37:44 Imperial Age
38:44 Conscription
37:47 Cavalier
39:06 Plate Barding Armor
39:23 Crop Rotation
39:54 Two-Man Saw
41:06 Paladin
47:23 Caravan
47:36 Caravan
52:28 Scale Mail Armor
52:16 Pikeman
52:17 Man-at-Arms
53:19 Long Swordsman
53:19 Halberdier
54:20 Chain Mail Armor
53:58 Fletching
53:43 Light Cavalry
53:51 Two-Handed Swordsman
54:20 Arson
54:42 Champion
59:31 Corvinian Army
60:48 Hussar
64:47 Elite Magyar Huszar
Hbx_蒙古国海军司令
11:06 Feudal Age
14:13 Loom
18:31 Horse Collar
18:39 Double-Bit Axe
23:10 Castle Age
22:37 Gold Mining
22:38 Stone Mining
24:13 Heavy Plow
24:26 Bow Saw
25:41 Wheelbarrow
27:03 Stone Shaft Mining
27:34 Hand Cart
28:41 Fortified Wall
32:02 Imperial Age
32:27 Crossbowman
33:36 Fletching
33:46 Padded Archer Armor
34:30 Crop Rotation
36:15 Scale Mail Armor
36:25 Forging
36:09 Pikeman
36:35 Gambesons
36:36 Arson
37:55 Two-Man Saw
36:42 Halberdier
40:57 Chemistry
40:06 Siege Engineers
40:47 Conscription
41:28 Arbalester
42:15 Thumb Ring
42:31 Bodkin Arrow
42:52 Leather Archer Armor
43:45 Bracer
47:50 Circumnavigation
48:36 Ballistics
47:57 Treadmill Crane
48:14 Murder Holes
48:41 Chain Mail Armor
50:58 Bombard Tower
54:16 Plate Mail Armor
54:22 Iron Casting
59:39 Blast Furnace
59:11 Ring Archer Armor
c_Roi
8:24 Loom
10:35 Feudal Age
15:46 Castle Age
16:36 Double-Bit Axe
17:46 Horse Collar
22:27 Fletching
24:05 Bow Saw
25:17 Bodkin Arrow
27:42 Gold Mining
28:27 Ballistics
32:20 Gold Shaft Mining
33:33 Wheelbarrow
33:12 Heavy Plow
34:04 Stone Mining
38:19 Imperial Age
39:43 Conscription
39:01 Elite War Wagon
40:56 Chemistry
40:01 Bracer
41:44 Fortified Wall
45:17 Caravan
47:07 Capped Ram
51:17 Husbandry
52:50 Arrowslits
53:10 Eupseong
61:43 Elite Skirmisher
72:11 Siege Engineers
KnightofAvalon77
6:05 Loom
8:51 Feudal Age
9:51 Double-Bit Axe
12:34 Double-Bit Axe
21:50 Castle Age
22:08 Wheelbarrow
23:43 Husbandry
25:15 Scale Barding Armor
26:15 Bow Saw
29:29 Fletching
29:39 Padded Archer Armor
30:05 Bodkin Arrow
30:49 Elite Skirmisher
36:04 Leather Archer Armor
36:06 Hand Cart
37:37 Ballistics
41:04 Imperial Age
39:38 Crossbowman
40:24 Thumb Ring
41:02 Chain Barding Armor
40:53 Forging
41:58 Bracer
42:28 Ring Archer Armor
43:02 Chemistry
43:09 Conscription
43:25 Pikeman
44:05 Squires
44:22 Halberdier
45:06 Scale Mail Armor
48:07 Chain Mail Armor
52:22 Fortified Wall
51:53 Treadmill Crane
53:58 Plate Mail Armor
54:03 Iron Casting
56:02 Coinage
56:27 Caravan
58:28 Banking
58:36 Banking
62:19 Arbalester
67:05 Murder Holes
69:00 Horse Collar
74:07 Plate Barding Armor
peaceman
7:33 Loom
10:03 Feudal Age
11:32 Wheelbarrow
12:12 Double-Bit Axe
15:37 Horse Collar
21:20 Castle Age
22:31 Heavy Plow
22:45 Husbandry
24:16 Bloodlines
25:29 Gold Mining
26:46 Husbandry
27:49 Scale Barding Armor
27:55 Forging
32:08 Chain Barding Armor
32:24 Iron Casting
38:09 Imperial Age
36:53 Stirrups
37:18 Hand Cart
37:10 Fletching
37:10 Town Watch
39:55 Cavalier
41:01 Conscription
41:34 Crop Rotation
41:43 Gold Shaft Mining
42:02 Plate Barding Armor
42:28 Blast Furnace
43:22 Pikeman
44:02 Squires
44:06 Bagains
44:12 Scale Mail Armor
44:20 Halberdier
45:20 Chain Mail Armor
50:36 Chemistry
49:51 Siege Engineers
62:21 Plate Mail Armor
69:37 Masonry
73:11 Light Cavalry
XxFrogxX
6:56 Loom
9:45 Feudal Age
12:37 Horse Collar
14:39 Double-Bit Axe
22:54 Castle Age
21:15 Gold Mining
22:54 Bloodlines
22:50 Scale Barding Armor
22:56 Forging
24:16 Chain Barding Armor
24:37 Bow Saw
26:49 Wheelbarrow
26:36 Husbandry
34:01 Imperial Age
31:34 Heavy Plow
31:28 Stone Mining
33:52 Iron Casting
33:35 Hand Cart
34:18 Heavy Camel Rider
35:43 Town Watch
37:13 Plate Barding Armor
37:38 Ballistics
37:30 Masonry
37:44 Conscription
37:46 Fletching
37:40 Heavy Cavalry Archer
38:16 Bodkin Arrow
39:56 Parthian Tactics
40:47 Thumb Ring
40:54 Bracer
41:39 Padded Archer Armor
43:26 Leather Archer Armor
43:46 Architecture
42:58 Treadmill Crane
49:11 Caravan
54:14 Blast Furnace
59:38 Ring Archer Armor
64:37 Hoardings
64:29 Sipahi
Grey
11:02 Feudal Age
10:37 Loom
15:21 Castle Age
13:36 Double-Bit Axe
14:51 Horse Collar
16:42 Bow Saw
21:18 Wheelbarrow
22:00 Heavy Plow
23:32 Gold Mining
24:00 Stone Mining
26:29 Stone Shaft Mining
27:30 Bloodlines
27:20 Husbandry
27:28 Scale Barding Armor
29:01 Hand Cart
29:58 Forging
33:26 Imperial Age
32:01 Chain Barding Armor
31:05 Light Cavalry
34:34 Iron Casting
33:56 Fletching
34:39 Conscription
34:57 Plate Barding Armor
34:23 Elite Monaspa
35:30 Aznauri Cavalry
35:37 Caravan
38:09 Blast Furnace
37:04 Bodkin Arrow
36:55 Cavalier
38:13 Crop Rotation
38:09 Ballistics
38:37 Svan Towers
38:42 Town Watch
39:51 Town Patrol
39:53 Bracer
39:55 Scale Mail Armor
41:04 Chemistry
40:15 Masonry
40:01 Murder Holes
41:21 Pikeman
42:10 Squires
42:28 Chain Mail Armor
45:26 Plate Mail Armor
50:51 Hoardings
50:51 Architecture
50:03 Treadmill Crane
52:00 Padded Archer Armor
52:18 Fortified Wall
51:54 Arrowslits
52:17 Siege Engineers
57:36 Leather Archer Armor
62:12 Capped Ram
64:12 Guard Tower
64:08 Arrowslits
67:15 Keep
66:17 Siege Ram
68:21 Devotion
68:42 Sanctity
Connection lost

Rejoining the realm…

Still unreachable

The connection could not be restored.

Session expired

The server has moved on; the page needs a fresh start.